 Dungeon Crawl Stone Soup version 0.22-a0-247-gbddf880757 (webtiles) character file.

178 RedPan the Bolt Thrower (level 5, -2/41 HPs)
             Began as a Centaur Hunter on Feb 25, 2018.
             Killed by divine providence
             ... invoked by an orc priest
              (15 damage)
             ... on level 3 of the Dungeon.
             The game lasted 00:05:20 (2639 turns).

RedPan the Bolt Thrower (Centaur Hunter)            Turns: 2639, Time: 00:05:20

Health: -2/41      AC:  8    Str: 14    XL:     5   Next: 32%
Magic:  5/5        EV: 10    Int: 10    God:
Gold:   146        SH:  0    Dex: 11    Spells: 4/4 levels left

rFire    . . .     SeeInvis +   a - +1 hand crossbow
rCold    . . .     Gourm    .   (no shield)
rNeg     . . .     Faith    .   c - +0 leather armour
rPois    .         Spirit   .   (no helmet)
rElec    .         Reflect  .   (no cloak)
rCorr    .         Harm     .   p - +0 pair of gloves
MR       .....                  (no barding)
Stlth    +.........             (no amulet)
HPRegen  0.13/turn              e - ring of see invisible
MPRegen  0.09/turn              k - +3 ring of protection

@: very quick
A: large, hooves 3, deformed body, speed 2, tough skin 3
a: no special abilities


You were on level 3 of the Dungeon.
You were not hungry.

You visited 1 branch of the dungeon, and saw 3 of its levels.

You collected 146 gold pieces.

Inventory:

Hand Weapons
 a - a +1 hand crossbow (weapon)
 b - a +0 short sword
Missiles
 d - 29 bolts (quivered)
Armour
 c - a +0 leather armour (worn)
 p - a +0 pair of gloves (worn)
Jewellery
 e - a ring of see invisible (left hand)
 k - a +3 ring of protection (right hand)
Scrolls
 j - a scroll of fear {unknown}
 l - a scroll of remove curse
 n - 2 scrolls of teleportation {unknown}
Potions
 h - a potion of magic {unknown}
 i - a potion of curing {unknown}
 m - 2 potions of heal wounds {unknown}
 o - 2 potions of haste
Comestibles
 f - 4 rations
 g - 10 chunks of flesh


   Skills:
 - Level 2.0 Fighting
 + Level 2.2 Short Blades
 + Level 5.4 Crossbows
 + Level 1.2 Armour
 + Level 2.4 Dodging
 - Level 0.4 Stealth


You had 4 spell levels left.
You didn't know any spells.

Dungeon Overview and Level Annotations

Branches:
Dungeon (3/15)

Altars:


Innate Abilities, Weirdness & Mutations

You have hooves in place of feet.
Armour fits poorly on your strangely shaped body.
You cover ground very quickly.
You have extremely tough skin. (AC +3)


Message History

You kill the orc priest!
The orc priest looks satisfied for a moment.
The orc hits you with a short sword.
Firing (i - inventory)
d - 31 bolts (quivered)
Press: ? - help, Shift-Dir - straight line, f - orc
Aim: an orc, wielding a short sword and wearing a ring mail You shoot a bolt.
The bolt hits the orc!
You kill the orc!
The orc barely misses you.
Firing (i - inventory)
d - 30 bolts (quivered)
Press: ? - help, Shift-Dir - straight line, f - orc
Aim: an orc, wielding a short sword and wearing a ring mail You shoot a bolt.
The bolt barely misses the orc.
The orc priest invokes the aid of Beogh against you.
Beogh smites you! The orc hits you but does no damage.
You are too injured to fight recklessly!
There is an open door here.
The orc priest calls down the wrath of Beogh upon you.
Beogh smites you!
You die...

######.......#
#.#..
#......#......#
#..
#......######.#
... #......# .#
.#.# #......#
.. ..#.#
#......# . ..
#.# #......####
#.. #..
#......'..# #.
### #....).##@#
#....(.##.#
#......##.#
#......##o##
#####'##...#
..#..o.#
###.))(# #....#
#....#


You could see an orc priest and an orc.

Vanquished Creatures
  An orc priest (D:3)
  An orc wizard (D:3)
  A gnoll (D:3)
  3 adders
  2 oozes (D:1)
  2 worms (D:2)
  A dart slug (D:2)
  4 leopard geckos
  5 orcs (D:3)
  7 bats
  4 giant cockroaches
  6 goblins
  3 hobgoblins (D:1)
  2 quokkas (D:2)
  A ball python (D:1)
  5 frilled lizards
  7 kobolds
  11 rats
66 creatures vanquished.

Notes
Turn   | Place    | Note
-------+----------+-------------------------------------------
     0 | D:1      | RedPan the Centaur Hunter began the quest for the Orb.
     0 | D:1      | Reached XP level 1. HP: 17/17 MP: 1/1
     5 | D:1      | Noticed a gargoyle
     7 | D:1      | Noticed a tengu
     7 | D:1      | Noticed a merfolk
     9 | D:1      | Noticed an octopode
     9 | D:1      | Noticed a vampire
    11 | D:1      | Noticed an ogre
    11 | D:1      | Noticed a spriggan
    13 | D:1      | Noticed a demonspawn
    13 | D:1      | Noticed a dwarf
    15 | D:1      | Noticed a demigod
    15 | D:1      | Noticed a draconian
    17 | D:1      | Noticed a minotaur
    17 | D:1      | Noticed a centaur
    19 | D:1      | Noticed a felid
    19 | D:1      | Noticed an elf
    21 | D:1      | Noticed a formicid
    21 | D:1      | Noticed a ghoul
    23 | D:1      | Noticed a halfling
    25 | D:1      | Noticed a vine stalker
    25 | D:1      | Noticed a naga
    27 | D:1      | Noticed a troll
    29 | D:1      | Noticed a human
   247 | D:1      | Reached XP level 2. HP: 16/24 MP: 2/2
   355 | D:1      | Reached skill level 1 in Short Blades
   384 | D:1      | Reached XP level 3. HP: 26/29 MP: 3/3
  1279 | D:2      | Reached skill level 5 in Crossbows
  1775 | D:2      | Reached XP level 4. HP: 31/36 MP: 4/4
  2467 | D:3      | Reached skill level 1 in Armour
  2467 | D:3      | Reached XP level 5. HP: 41/41 MP: 5/5
  2639 | D:3      | Killed from afar by an orc priest

Vault maps used:
D:1:      kb_arrival_jail
D:3:      kennysheep_slug_shrine, first_ration, minmay_liquid_box, tgw_trog

Skill      XL: |  1  2  3  4 |
---------------+-------------+-----
Short Blades   | 1 2 |  2.2
Dodging        | 2 |  2.4
Crossbows      | 5 |  5.4
Armour         | 1 |  1.2
Fighting       | |  2.0
Stealth        | |  0.4

Action                   |  1- 3 |  4- 6 || total
-------------------------+-------+-------++-------
Melee: Short sword       |   117 |    33 ||   150
       Kick              |    20 |     3 ||    23
 Fire: Hand crossbow     |     6 |    46 ||    52
  Use: Scroll            |       |     3 ||     3
  Eat: Chunk             |     2 |     2 ||     4
Armor: Leather armour    |    45 |    16 ||    61
Dodge: Dodged            |    71 |    22 ||    93

Table legend:
 A = Spawn XP
 B = Non-spawn XP
 C = Spawn XP percentage of total XP
 D = Spawn monster count
 E = Non-spawn monster count
 F = Spawn count percentage of total count
 G = Total turns spent on level
                    A         B        C        D         E        F      G
               +---------+---------+-------+---------+---------+-------+---------
         Total |       0 |     255 |   0.0 |       0 |      66 |   0.0 |  2639
               +---------+---------+-------+---------+---------+-------+---------
           D:1 |       0 |      63 |   0.0 |       0 |      31 |   0.0 |   912
           D:2 |       0 |      47 |   0.0 |       0 |      16 |   0.0 |  1318
           D:3 |       0 |     145 |   0.0 |       0 |      19 |   0.0 |   409
               +---------+---------+-------+---------+---------+-------+---------
